 Dungeon Crawl Stone Soup version 0.22-a0-99-g1ac4c55 (webtiles) character file.

196630 mortelune the Devastator (level 17, 0/148 HPs)
             Began as a Grey Draconian Fire Elementalist on Jan 25, 2018.
             Was a High Priest of Vehumet.
             Slain by a naga
             ... wielding a +2 glaive of protection
              (14 damage)
             ... on level 4 of the Snake Pit on Jan 26, 2018.
             The game lasted 04:03:38 (70356 turns).

mortelune the Devastator (DrFE)                    Turns: 70356, Time: 04:03:38

Health: 0/148      AC: 21    Str: 15    XL:     17   Next: 75%
Magic:  0/42       EV: 22    Int: 22    God:    Vehumet [*****.]
Gold:   1117       SH:  9    Dex: 19    Spells: 5/41 levels left

rFire    + + .     SeeInvis .   q - +6 rapier of Eruryek {drain, *Drain rElec MR+++ MP+9}
rCold    . . .     Gourm    .   e - +3 buckler of Muttered Phrases {rElec Dex+3 Slay-4}
rNeg     . . .     Faith    +   (armour unavailable)
rPois    +         Spirit   .   (helmet restricted)
rElec    +         Reflect  .   R - +1 cloak
rCorr    +         Harm     .   v - +2 pair of gloves {Str+3}
MR       ++++.                  A - +1 pair of boots {Fly}
Stlth    ++........             Z - amulet "Duickici" {Faith rPois Dex+5}
HPRegen  0.34/turn              W - ring of fire
MPRegen  0.28/turn              a - +3 ring of evasion

@: lethally poisoned (0 -> 0), resistant, flying, very slightly contaminated,
invisible
A: walk through water, unfitting armour, unbreathing, cold-blooded, AC +14
}: 1/15 runes: decaying
a: Renounce Religion, Stop Flying


You were on level 4 of the Snake Pit.
You worshipped Vehumet.
Vehumet was extremely pleased with you.
You were very hungry.

You visited 5 branches of the dungeon, and saw 31 of its levels.
You visited the Abyss 1 time.
You also visited: Ossuary, Bailey and Ice Cave.

You collected 2914 gold pieces.
You spent 1797 gold pieces at shops.

Inventory:

Hand Weapons
 c - the +5 mace "Ywototel" {freeze, Str+2 Int+6}
   (You found it on level 8 of the Dungeon)

   It has been specially enchanted to freeze those struck by it, causing extra
   injury to most foes and up to half again as much damage against particularly
   susceptible opponents.
   It can also slow down cold-blooded creatures.
   It affects your strength (+2).
   It affects your intelligence (+6).
 q - the +6 rapier of Eruryek (weapon) {drain, *Drain rElec MR+++ MP+9}
   (You found it on level 2 of the Swamp)

   A truly terrible weapon, it drains the life of those it strikes.
   It insulates you from electricity.
   It affects your resistance to hostile enchantments.
   It affects your magic capacity (+9).
   It causes draining when unequipped.
Missiles
 M - a throwing net (quivered)
Armour
 e - the +3 buckler of Muttered Phrases (worn) {rElec Dex+3 Slay-4}
   (You acquired it on level 1 of the Orcish Mines)

   It affects your dexterity (+3).
   It affects your accuracy and damage with ranged weapons and melee attacks
   (-4).
   It insulates you from electricity.
 v - a +2 pair of gloves of strength (worn)
 A - a +1 pair of boots of flying (worn)
 R - a +1 cloak (worn)
Magical Staves
 I - an uncursed staff of energy
Jewellery
 a - a +3 ring of evasion (right hand)
 D - an uncursed ring of resist corrosion
 L - an uncursed ring of protection from cold
 Q - an uncursed ring of see invisible
 V - an uncursed ring of positive energy
 W - a ring of fire (left hand)
 Z - the amulet "Duickici" (around neck) {Faith rPois Dex+5}
   (You took it off an orc knight in a bailey)

   [amulet of faith]

   It allows you to gain divine favour quickly.
   It affects your dexterity (+5).
   It protects you from poison.
Wands
 p - a wand of disintegration (34)
 z - a wand of iceblast (24)
 G - a wand of digging (7)
 J - a wand of paralysis (17)
 K - a wand of acid (7)
Scrolls
 b - a scroll of immolation
 d - a scroll of amnesia
 m - 12 scrolls of identify
 r - 4 scrolls of fog
 s - 13 scrolls of remove curse
 w - 2 scrolls of enchant armour
 C - a scroll of enchant weapon
 N - 2 scrolls of holy word
 X - a scroll of summoning
 Y - a scroll of magic mapping
Potions
 g - 4 potions of agility
 h - 4 potions of ambrosia
 n - 10 potions of curing
 o - 2 potions of berserk rage
 t - a potion of might
 u - a potion of resistance
 E - 2 potions of brilliance
 H - 2 potions of cancellation
 O - 4 potions of mutation
Books
 x - a book of the Earth

   Spells                             Type                      Level
   a - Leda's Liquefaction            Hexes/Earth                  4
   b - Bolt of Magma                  Conjuration/Fire/Earth       5
   c - Statue Form                    Transmutation/Earth          6
   d - Iron Shot                      Conjuration/Earth            6
   e - Shatter                        Earth                        9
 F - a book of Annihilations

   Spells                             Type                      Level
   a - Poison Arrow                   Conjuration/Poison           6
   b - Chain Lightning                Conjuration/Air              8
   c - Lehudib's Crystal Spear        Conjuration/Earth            8
   d - Glaciate                       Conjuration/Ice              9
   e - Fire Storm                     Conjuration/Fire             9
 P - a book of Air

   Spells                             Type                      Level
   a - Shock                          Conjuration/Air              1
   b - Swiftness                      Charms/Air                   2
   c - Static Discharge               Conjuration/Air              3
   d - Airstrike                      Air                          4
   e - Lightning Bolt                 Conjuration/Air              5
 T - a book of Beasts

   Spells                             Type                      Level
   a - Summon Butterflies             Summoning                    1
   b - Call Canine Familiar           Summoning                    3
   c - Summon Ice Beast               Ice/Summoning                4
   d - Summon Mana Viper              Hexes/Summoning              5
   e - Summon Hydra                   Summoning                    7
 U - Weiwuroh's Incunabulum of Creative Heat
   (You found it on level 3 of the Lair of Beasts)

   Spells                             Type                      Level
   a - Call Imp                       Summoning                    2
   b - Conjure Flame                  Conjuration/Fire             3
   c - Inner Flame                    Hexes/Fire                   3
   d - Summon Mana Viper              Hexes/Summoning              5
   e - Aura of Abjuration             Summoning                    5
Comestibles
 l - 24 rations


   Skills:
 + Level 12.8 Fighting
 + Level 8.8 Dodging
 - Level 1.7 Stealth
 - Level 4.1 Shields
 + Level 12.9 Spellcasting
 - Level 15.5 Conjurations
 - Level 8.3 Summonings
 - Level 5.2 Translocations
 + Level 13.0 Fire Magic
 - Level 3.5 Air Magic
 + Level 13.2 Earth Magic


You had 5 spell levels left.
You knew the following spells:

 Your Spells              Type           Power        Failure   Level  Hunger
a - Flame Tongue          Conj/Fire      #####        0%          1    None
b - Iron Shot             Conj/Erth      ######....   1%          6    #####..
c - Conjure Flame         Conj/Fire      #######.     1%          3    None
d - Sticky Flame          Conj/Fire      #######.     1%          4    None
e - Fireball              Conj/Fire      #######...   1%          5    ###....
f - Bolt of Fire          Conj/Fire      #######...   1%          6    #####..
g - Blink                 Tloc           N/A          1%          2    None
i - Passage of Golubria   Tloc           N/A          5%          4    None
j - Summon Butterflies    Summ           ######..     1%          1    None
q - Summon Lightning Spi  Summ/Air       #####...     3%          4    None


Dungeon Overview and Level Annotations

Branches:
Dungeon (15/15)            Temple (0/1) D:5            Lair (6/6) D:8
  Swamp (4/4) Lair:3        Snake (4/4) Lair:3        Slime (0/5) Lair:5
    Orc (2/2) D:10            Elf (0/3) Orc:2        Vaults (0/5) D:13
 Depths (0/5) D:15

Altars:
Cheibriados
Hepliaklqana
Ru
Sif Muna
Trog
Vehumet
Wu Jian
Xom
Yredelemnul
Beogh

Shops:
D:5 ?   D:9 *   Orc:2 [:*(   Snake:1 [   Snake:2 ?[:}

Portals:
Trove: D:14 (give 5 scrolls of blinking)

Annotations:
D:2 Sigmund
Lair:2 exclusion: 3 oklob plants
Snake:3 exclusion: downstairs
Snake:4 1 exclusion, KristoblXynda's ghost, adept DrGl; Mara


Innate Abilities, Weirdness & Mutations

You can walk through water.
Your dull iron-grey scales are very hard. (AC +14)
You cannot fit into any form of body armour.
You can survive without breathing.
You are cold-blooded and may be slowed by cold attacks.


Message History

The naga warrior blinks into view!
Mara blinks!
Mara blinks into view!
You hit the naga warrior but do no damage.
You drain the naga warrior!
Your tail-slap misses the naga warrior.
The naga warrior is lightly wounded.
You feel sick.
The mana viper bites you but does no damage.
The black mamba completely misses you.
Mara blinks! x2
The naga warrior spits poison at you. The splash of poison misses you.
The splash of poison hits the mana viper.
The mana viper completely resists.
Mara closely misses you. The mana viper completely misses you.
Casting: Blink
Confirm with . or Enter, or press ? or * to list all spells.
You blink.
Mara blinks!
The black mamba completely misses you.
The guardian serpent coils itself and performs some mystic snake dance.
The naga blinks!
The mana viper blinks!
The mana viper misses you. The black mamba misses you.
The naga hits you from afar with a glaive of protection!
You die...

#.S...R.#..... #.# ##..N....#...N
#.# # ...N.....#.... '§#.
.........#... #.#. .........#...
#.' ..
.........##'#####.#########+#+#..
#...........$..SN.§..............
###............SNRNN.............
##..........NS@S.R.......(....
#..........######.....#..h.
#)...##....# ##.?....###
#.S.#####..# ##.....# #...# ##.#
##.#### #### ### ###


You could see 2 Maras, 2 naga warriors, a mana viper, a guardian serpent, 2
black mambas and 3 nagas.

Vanquished Creatures
  the Lernaean hydra (Swamp:4)
  Jorgrun (Snake:3)
  A tentacled starspawn (Abyss:3)
  Agnes (Snake:1)
  A thorn hunter (Swamp:2)
  An orc warlord (Orc:1)
  2 nagarajas
  Louise (Snake:2)
  Aizul (Snake:1)
  A very ugly thing (Swamp:4)
  Azrael (D:12)
  The ghost of Vajrapani the Unseen, a journeyman FeTm of Ru (Snake:1)
  8 naga warriors
  Josephine (Swamp:1)
  The ghost of kal9871 the Carver, a journeyman HaFi of Zin (D:12)
  Erolcha (D:13)
  A ghost crab (Swamp:4)
  20 hydras
  4 two-headed ogres
  3 death yaks
  3 anacondas
  4 centaur warriors
  Urug (Orc:2)
  6 alligators
  2 orc high priests (Orc:2)
  Nergalle (D:12)
  4 naga sharpshooters
  6 shock serpents
  Sonja (D:12)
  4 skeletal warriors (D:11)
  3 unseen horrors
  3 wizards
  3 spriggan druids
  2 shambling mangroves (Swamp:3)
  2 starcursed masses (Abyss:3)
  16 swamp dragons
  2 orc knights
  2 necromancers
  2 mana vipers
  7 ugly things
  5 salamanders
  A faun (D:12)
  2 deep elf magi
  4 orc sorcerers
  A cyclops (D:11)
  3 manticores
  8 slime creatures
  5 elephants (Lair:4)
  11 naga magi
  2 ice statues (IceCv)
  Maurice (D:8)
  2 guardian serpents (Snake:3)
  20 black mambas
  A smoke demon (Abyss:3)
  Psyche (D:12)
  Joseph (D:7)
  13 spiny frogs
  A gargoyle (D:15)
  5 rime drakes
  8 komodo dragons
  An ancient zyme (Abyss:3)
  10 polar bears
  A redback zombie (D:13)
  15 hornets
  10 blink frogs
  5 trolls
  7 bog bodies
  2 raiju (Abyss:3)
  7 tyrant leeches
  3 dream sheep (Lair:6)
  Prince Ribbit (D:6)
  8 hippogriffs
  16 spriggans
  3 shadows
  A wyvern (D:14)
  4 wraiths
  Grum (D:8)
  32 yaks
  A basilisk (Lair:4)
  4 hogs
  A human (D:7)
  A fire elemental (D:12)
  17 vampire mosquitoes
  A neqoxec (Abyss:3)
  2 steam dragons
  2 hungry ghosts
  The ghost of wazuzu the Magician, an amateur DrWz (D:3)
  8 insubstantial wisps
  3 acid dragons
  2 small abominations (Abyss:3)
  4 wargs
  24 nagas
  32 swamp worms
  A hell hound (D:12)
  A soldier ant (D:12)
  12 water moccasins
  5 porcupines
  A sky beast (D:13)
  11 swamp drakes
  39 orc warriors
  5 ice beasts
  4 phantoms
  A spiny frog skeleton (Abyss:3)
  6 black bears
  4 boggarts (Lair:6)
  11 ogres
  14 centaurs
  A necrophage (D:7)
  26 wolves
  14 crocodiles
  2 big kobolds
  Blork the orc (D:6)
  20 bullfrogs
  A gnoll sergeant (D:11)
  A wyvern zombie (D:8)
  13 killer bees
  3 howler monkeys
  12 wights
  2 electric eels
  6 crimson imps
  5 centaur zombies
  4 bullfrog zombies
  2 quasits
  7 hounds
  14 jellies
  12 orc priests
  2 bullfrog skeletons
  23 orc wizards
  3 centaur skeletons
  Jessica (D:3)
  6 iguanas
  14 mummies (Ossuary)
  7 hell rats (Lair:5)
  7 worker ants
  A killer bee zombie (D:5)
  2 hound zombies (Ossuary)
  2 hound skeletons
  2 howler monkey zombies
  3 worker ant zombies
  6 gnolls
  13 adders
  6 shadow imps
  9 white imps (D:11)
  5 oozes
  5 adder zombies
  An adder skeleton (D:8)
  17 worms
  3 dart slugs
  5 leopard geckos
  89 orcs
  6 bats
  6 giant cockroaches
  9 hobgoblins
  14 jackals
  13 kobolds
  2 quokkas
  2 ball pythons
  5 frilled lizards
  3 giant cockroach zombies (Ossuary)
  12 goblins
  A jackal zombie (Ossuary)
  2 quokka zombies
  6 rats
  A butterfly (D:9)
  3 fungi
  2 plants (Lair:3)
  A starspawn tentacle (Abyss:3)
1032 creatures vanquished.

Vanquished Creatures (collateral kills)
  Asterion (Snake:2)
  An orc warlord (Orc:2)
  Nessos (D:14)
  An ettin (Orc:2)
  A ghost crab (Swamp:2)
  2 hydras
  A two-headed ogre (D:14)
  A spriggan (Lair:6)
  2 naga ritualists (Snake:1)
  2 swamp dragons
  3 orc knights
  3 salamanders
  A manticore (D:14)
  An elephant (Lair:6)
  A naga mage (Snake:2)
  3 black mambas
  A smoke demon (Abyss:3)
  5 spiny frogs
  2 centaur skeletons (D:15)
  An efreet (Abyss:3)
  A redback zombie (D:15)
  A polar bear (Lair:6)
  2 tyrant leeches
  A blink frog (Lair:5)
  A hornet (Lair:6)
  A slime creature (Swamp:3)
  2 bog bodies (Swamp:1)
  4 yaks
  2 wraiths
  2 fire elementals (D:12)
  4 fire bats (Abyss:3)
  A vampire mosquito (Swamp:3)
  2 nagas
  A soldier ant (D:14)
  7 ice beasts
  2 swamp drakes (Swamp:4)
  5 orc warriors
  A black bear (Lair:6)
  An ogre (Orc:2)
  3 wolves (Lair:6)
  A bullfrog (D:11)
  3 wights
  A jelly (D:11)
  2 orc wizards
  An adder (D:12)
  3 white imps (D:11)
  5 orcs
  A fungus (Lair:6)
95 creatures vanquished.

Vanquished Creatures (others)
  An alligator (Swamp:4)
  A slime creature (Swamp:2)
  A hog (Snake:3)
  A bullfrog zombie (D:12)
  A jelly (D:12)
  A bush (Lair:6)
  43 fungi
  33 plants
  12 starspawn tentacles (Abyss:3)
94 creatures vanquished.

Grand Total: 1221 creatures vanquished

Notes
Turn   | Place    | Note
-------+----------+-------------------------------------------
     0 | D:1      | mortelune the Draconian Fire Elementalist began the quest for the Orb.
     0 | D:1      | Reached XP level 1. HP: 14/14 MP: 3/3
   359 | D:1      | Reached XP level 2. HP: 14/20 MP: 0/5
   363 | D:1      | Learned a level 2 spell: Throw Flame
   664 | D:1      | Reached skill level 2 in Conjurations
  1613 | D:2      | Reached XP level 3. HP: 26/26 MP: 3/6
  1618 | D:2      | Learned a level 3 spell: Conjure Flame
  1727 | D:2      | Found a radiant altar of Vehumet.
  2500 | D:2      | Found a sacrificial altar of Ru.
  2534 | D:2      | Noticed Sigmund
  2837 | D:3      | Noticed wazuzu's ghost (amateur DrWz)
  2908 | D:3      | Reached XP level 4. HP: 33/33 MP: 1/7
  2968 | D:3      | Noticed Jessica
  2972 | D:3      | Killed Jessica
  2972 | D:3      | Reached skill level 3 in Conjurations
  4151 | D:3      | Found a hazy altar of Hepliaklqana.
  4736 | D:4      | Reached XP level 5. HP: 32/38 MP: 4/9
  4746 | D:4      | Noticed an ogre
  4755 | D:4      | Killed an ogre
  4755 | D:4      | Reached skill level 4 in Conjurations
  5022 | D:4      | Reached XP level 6. HP: 38/45 MP: 6/11
  5166 | D:4      | Found a sand-covered staircase.
  5175 | Ossuary  | Entered an ossuary
  5383 | Ossuary  | Reached skill level 5 in Conjurations
  5541 | Ossuary  | Your scales start taking on a dull iron-grey colour.
  5541 | Ossuary  | Reached XP level 7. HP: 43/50 MP: 0/12
  5541 | Ossuary  | Gained mutation: You can survive without breathing. [Grey Draconian growth]
  5877 | Ossuary  | Reached skill level 5 in Fire Magic
  6182 | Ossuary  | Learned a level 4 spell: Sticky Flame
  6396 | D:2      | Became a worshipper of Vehumet
  6613 | D:4      | Reached skill level 6 in Conjurations
  7246 | D:5      | Entered Level 5 of the Dungeon
  7320 | D:5      | Found Otuv's Magic Scroll Emporium.
  7326 | D:5      | Bought a scroll of blinking for 90 gold pieces
  7326 | D:5      | Bought a scroll of enchant weapon for 90 gold pieces
  7906 | D:5      | Reached XP level 8. HP: 57/57 MP: 3/14
  8199 | D:5      | Reached skill level 7 in Conjurations
  8406 | D:5      | Reached skill level 5 in Spellcasting
  8801 | D:5      | Found a deep blue altar of Sif Muna.
  8940 | D:5      | Found a staircase to the Ecumenical Temple.
  8968 | D:6      | Learned a level 5 spell: Fireball
  9015 | D:6      | Reached skill level 1 in Shields
  9177 | D:6      | Noticed Prince Ribbit
  9186 | D:6      | Killed Prince Ribbit
  9447 | D:6      | Noticed Blork the orc
  9456 | D:6      | Reached XP level 9. HP: 62/62 MP: 6/17
  9464 | D:6      | Killed Blork the orc
  9615 | D:6      | Found a sacrificial altar of Ru.
  9752 | D:6      | Reached * piety under Vehumet
  9752 | D:6      | Offered knowledge of Freeze by Vehumet.
 10191 | D:7      | Found a bloodstained altar of Trog.
 10204 | D:7      | Reached skill level 8 in Conjurations
 10396 | D:7      | Found a snail-covered altar of Cheibriados.
 11358 | D:7      | Reached skill level 9 in Conjurations
 11442 | D:8      | Noticed Joseph
 11442 | D:8      | Noticed Grum
 11450 | D:7      | Killed Joseph
 11450 | D:7      | Reached XP level 10. HP: 69/69 MP: 10/20
 11985 | D:8      | Reached ** piety under Vehumet
 11985 | D:8      | Offered knowledge of Sandblast by Vehumet.
 11989 | D:8      | Learned a level 1 spell: Sandblast
 12258 | D:8      | Killed Grum
 12258 | D:8      | Reached skill level 1 in Earth Magic
 12400 | D:8      | Noticed Maurice
 12507 | D:8      | Found a staircase to the Lair.
 13302 | D:8      | Killed Maurice
 13531 | D:9      | Offered knowledge of Ignite Poison by Vehumet.
 13775 | D:3      | Killed wazuzu's ghost
 14043 | D:3      | Found a hazy altar of Hepliaklqana.
 14349 | D:9      | Found a shimmering altar of Xom.
 14544 | D:9      | Found Unaowao's Assorted Antiques.
 14549 | D:9      | Bought a scroll of teleportation for 105 gold pieces
 14667 | D:9      | Noticed a two-headed ogre
 14675 | D:9      | Killed a two-headed ogre
 14675 | D:9      | Reached skill level 1 in Fighting
 14675 | D:9      | Reached skill level 10 in Conjurations
 15173 | Lair:1   | Entered Level 1 of the Lair of Beasts
 15639 | Lair:1   | Noticed a spiny frog
 15769 | Lair:1   | Reached XP level 11. HP: 70/82 MP: 9/23
 16153 | Lair:1   | Noticed a five-headed hydra
 16164 | Lair:1   | Killed a five-headed hydra
 16294 | Lair:1   | Reached skill level 11 in Conjurations
 16344 | Lair:1   | Reached *** piety under Vehumet
 17128 | Lair:1   | Reached skill level 5 in Fighting
 17128 | Lair:1   | Reached skill level 12 in Conjurations
 17128 | Lair:1   | Reached skill level 10 in Fire Magic
 17128 | Lair:1   | Reached XP level 12. HP: 95/95 MP: 23/25
 18431 | Lair:2   | Noticed a four-headed hydra
 18433 | Lair:2   | Killed a four-headed hydra
 18711 | Lair:2   | Identified Sif Muna's Disquisition on Weightlessness
 18723 | Lair:2   | Learned a level 4 spell: Summon Lightning Spire
 19098 | Lair:3   | Found a staircase to the Snake Pit.
 19103 | Lair:3   | Noticed a six-headed hydra
 19173 | Lair:3   | Offered knowledge of Fulminant Prism by Vehumet.
 19178 | Lair:3   | Learned a level 2 spell: Blink
 19426 | Lair:3   | Reached skill level 1 in Summonings
 19653 | Lair:3   | Reached skill level 1 in Translocations
 19790 | Lair:3   | Reached skill level 1 in Air Magic
 20631 | Lair:3   | Killed a six-headed hydra
 20865 | Lair:2   | Reached **** piety under Vehumet
 21500 | Lair:3   | Identified Weiwuroh's Incunabulum of Creative Heat
 21511 | Lair:3   | Reached XP level 13. HP: 105/105 MP: 14/26
 21610 | Lair:3   | Found a staircase to the Swamp.
 21643 | Lair:3   | Offered knowledge of Force Lance by Vehumet.
 22771 | Lair:4   | Reached skill level 13 in Conjurations
 24035 | Lair:5   | Reached skill level 5 in Summonings
 24040 | Lair:4   | Reached skill level 10 in Spellcasting
 25152 | Lair:5   | Found a staircase to the Slime Pits.
 25553 | Lair:5   | Learned a level 5 spell: Lightning Bolt
 25558 | Lair:5   | Learned a level 4 spell: Passage of Golubria
 25560 | Lair:5   | Learned a level 1 spell: Summon Butterflies
 25969 | Lair:6   | Entered Level 6 of the Lair of Beasts
 26814 | Lair:6   | Reached ***** piety under Vehumet
 27258 | Lair:6   | Offered knowledge of Bolt of Draining by Vehumet.
 27332 | Lair:5   | HP: 5/108 [poisoned by a hornet]
 27339 | Lair:5   | HP: 4/108 [poisoned by a hornet]
 27346 | Lair:5   | HP: 4/108 [poisoned by a hornet]
 27354 | Lair:5   | HP: 4/108 [poisoned by a hornet]
 28286 | Lair:6   | Reached XP level 14. HP: 116/116 MP: 16/28
 30234 | D:8      | Got a crystal mace {freeze}
 30236 | D:8      | Identified the +5 mace "Ywototel" {freeze, Str+2 Int+6} (You found it on level 8 of the Dungeon)
 31022 | D:9      | Found a shimmering altar of Xom.
 31271 | D:10     | Entered Level 10 of the Dungeon
 31998 | D:10     | Found a staircase to the Orcish Mines.
 32462 | D:11     | Offered knowledge of Yara's Violent Unravelling by Vehumet.
 32475 | D:11     | Found a flagged portal.
 32524 | Bailey   | Entered a bailey
 33210 | Bailey   | Got an ancient zirconium amulet
 33213 | Bailey   | Identified the amulet "Duickici" {Faith rPois Dex+5} (You took it off an orc knight in a bailey)
 33690 | D:11     | HP: 2/118 [skeletal warrior/flail[a skeletal warrior] (17)]
 35120 | D:12     | Noticed Azrael
 35128 | D:12     | Killed Azrael
 35640 | D:12     | Noticed kal9871's ghost (journeyman HaFi)
 35773 | D:12     | Killed kal9871's ghost
 35816 | D:12     | Noticed Nergalle
 35951 | D:12     | Killed Nergalle
 36945 | D:12     | Noticed Psyche
 36947 | D:12     | Reached skill level 5 in Earth Magic
 36948 | D:12     | Killed Psyche
 37022 | D:12     | Reached skill level 14 in Conjurations
 37586 | D:12     | Noticed Sonja
 37593 | D:12     | Killed Sonja
 38394 | Orc:1    | Entered Level 1 of the Orcish Mines
 38762 | Orc:1    | Reached skill level 10 in Fighting
 38779 | Orc:1    | Reached skill level 5 in Dodging
 39584 | Orc:2    | Entered Level 2 of the Orcish Mines
 39609 | Orc:2    | Noticed an orc warlord
 39668 | Orc:1    | Killed an orc warlord
 39978 | Orc:2    | Reached XP level 15. HP: 126/126 MP: 17/30
 40402 | Orc:1    | Identified a scroll of acquirement
 40405 | Orc:1    | Got a translucent buckler
 40416 | Orc:1    | Identified the +3 buckler of Muttered Phrases {rElec Dex+3 Slay-4} (You acquired it on level 1 of the Orcish Mines)
 40544 | Orc:2    | Noticed Urug
 40547 | Orc:2    | Killed Urug
 40874 | Orc:2    | Reached skill level 5 in Translocations
 41081 | Orc:2    | Noticed an orc warlord
 41175 | Orc:2    | Killed an orc warlord
 41462 | Orc:2    | Found a roughly hewn altar of Beogh.
 41466 | Orc:2    | Found Yviunt's Book Shoppe.
 41480 | Orc:2    | Found Vyoganug's Antique Weapon Shoppe.
 41614 | Orc:2    | Found Ymnov's General Store.
 41640 | Orc:2    | Bought a scroll of identify for 32 gold pieces
 41758 | Orc:2    | Found Evampo's Antique Armour Shoppe.
 41764 | Orc:2    | Bought a pair of glowing boots for 270 gold pieces
 41849 | Orc:2    | Found a staircase to the Elven Halls.
 41968 | Orc:2    | Found a roughly hewn altar of Beogh.
 42449 | Orc:2    | Bought a book of the Earth for 845 gold pieces
 42458 | Orc:2    | Learned a level 6 spell: Iron Shot
 43267 | D:13     | Offered knowledge of Ozocubu's Refrigeration by Vehumet.
 44074 | D:13     | Noticed Erolcha
 44078 | D:13     | Killed Erolcha
 44197 | D:13     | Found a gate to the Vaults.
 44742 | D:14     | You are sucked into a shaft!
 44742 | D:15     | Entered Level 15 of the Dungeon
 45244 | D:14     | Found a frozen archway.
 45288 | IceCv    | Entered an ice cave
 45293 | IceCv    | Found a transporter.
 46466 | D:14     | Found a portal to a secret trove of treasure.
 46534 | D:14     | Offered knowledge of Spellforged Servitor by Vehumet.
 46587 | D:14     | Noticed Nessos
 46600 | D:14     | Killed Nessos
 48521 | D:15     | Found a staircase to the Depths.
 48841 | Swamp:1  | Entered Level 1 of the Swamp
 50784 | Swamp:2  | Noticed a thorn hunter
 50792 | Swamp:2  | Killed a thorn hunter
 50792 | Swamp:2  | Reached XP level 16. HP: 137/137 MP: 5/31
 51054 | Swamp:1  | Noticed Josephine
 51558 | Swamp:1  | Killed Josephine
 52465 | Swamp:2  | Got a bone rapier
 52466 | Swamp:2  | Identified the +6 rapier of Eruryek {drain, *Drain rElec MR+++ MP+9} (You found it on level 2 of the Swamp)
 52730 | Swamp:2  | Found an ornate altar of the Wu Jian Council.
 53768 | Swamp:3  | Reached skill level 10 in Earth Magic
 54840 | Swamp:3  | Found a basalt altar of Yredelemnul.
 55136 | Swamp:4  | Entered Level 4 of the Swamp
 56214 | Swamp:4  | Offered knowledge of Bolt of Fire by Vehumet.
 56333 | Swamp:4  | Learned a level 6 spell: Bolt of Fire
 56565 | Swamp:4  | Reached skill level 15 in Conjurations
 56719 | Swamp:4  | Noticed the 27-headed Lernaean hydra
 56958 | Swamp:4  | Killed the 27-headed Lernaean hydra
 58102 | Swamp:4  | Got a decaying rune of Zot
 58334 | Snake:1  | Entered Level 1 of the Snake Pit
 58785 | Snake:1  | Noticed Agnes
 58789 | Snake:1  | Killed Agnes
 59143 | Snake:1  | Found Ebeuvid's Armour Boutique.
 59148 | Snake:1  | Bought a +2 pair of gloves of strength for 365 gold pieces
 59278 | Snake:1  | Reached XP level 17. HP: 146/146 MP: 5/33
 59701 | Snake:1  | Noticed Aizul
 59707 | Snake:1  | Killed Aizul
 60384 | Snake:2  | Noticed Asterion
 60555 | Snake:2  | Found Moca Eqa's Book Boutique.
 60555 | Snake:2  | Found Badiar's Magic Scroll Emporium.
 61098 | Snake:1  | Noticed Vajrapani's ghost (journeyman FeTm)
 61102 | Snake:1  | Killed Vajrapani's ghost
 61366 | Snake:2  | Found Qoth's Antique Armour Emporium.
 62751 | Snake:2  | Killed Asterion
 63016 | Snake:2  | Found Cemyanism's Gadget Shoppe.
 63039 | Snake:2  | Noticed Louise
 63471 | Snake:2  | Cast into level 3 of the Abyss (Louise)
 63782 | Abyss:3  | Noticed a lich
 63929 | Abyss:3  | Found a corrupted altar of Lugonu.
 63937 | Abyss:3  | Noticed a kraken
 64067 | Abyss:3  | Noticed a profane servitor
 64192 | Snake:2  | Escaped the Abyss
 65378 | Snake:2  | Killed Louise
 68500 | Snake:3  | Found a bloodstained altar of Trog.
 69208 | Snake:4  | Entered Level 4 of the Snake Pit
 69208 | Snake:4  | Noticed Mara
 69423 | Snake:4  | Noticed Jorgrun
 69424 | Snake:4  | Noticed KristoblXynda's ghost (adept DrGl)
 70206 | Snake:3  | Killed Jorgrun
 70356 | Snake:4  | Slain by a naga

Vault maps used:
D:1:      co_arrival_random_square_maze, roderic_lattice_a
D:2:      fiery_altar_vehumet, lemuel_crystal_altar, uniq_sigmund
D:3:      nicolae_overflow_hidden_temple, first_ration, roderic_st_hans_cross,
          uniq_jessica
D:4:      nicolae_ossuary_entry_ruins
D:5:      kennysheep_mini_moat, temple_doors_ab, serial_shops,
          nicolae_shop_stone, minmay_misc_feat_more_columns,
          hangedman_decor_push, kennysheep_generic_room_13
D:6:      minmay_diamond_boxcup, nicolae_ru_awakened_eye, uniq_prince_ribbit1,
          uniq_blork_the_orc
D:7:      trog_ov_bears_minmay, slow_altar_1, grunt_livestock,
          minmay_tree_intersection
D:8:      lair_entry_dummy, minmay_misc_feat_nine_boxes, uniq_joseph, uniq_grum,
          uniq_maurice
D:9:      xom_butterflies, serial_shops, nicolae_shop_trees,
          brannock_xom_greatest_gift
D:10:     orc_0_dummy
D:11:     portal_ice_cave_entry_imps, enter_bailey_3
D:12:     centaur_isle, uniq_psyche, uniq_azrael, uniq_sonja, uniq_nergalle
D:13:     david_vaults_1, uniq_erolcha
D:14:     portal_ice_cave_rime, grunt_decor_mini_mirrors,
          nicolae_trove_entry_diagonal, minivault_22, st_stairs_1, uniq_nessos
D:15:     grunt_enter_depths_magical_seal, nrook_uturn
Lair:1:   wad_woods_road_02
Lair:2:   minmay_lair_oklob_chamber, lemuel_fruit_fields,
          infiniplex_staircase_pool
Lair:3:   nicolae_swamp_entry_splash_gauntlet,
          minmay_snake_entry_guardpost_small, worms_lemuel
Lair:5:   minmay_slime_entry_jelly_boxes, cheibrodos_lair_lostbears
Lair:6:   minmay_lair_end_enchanted_forest
Swamp:1:  evilmike_swamp_ruin_house_5, uniq_josephine
Swamp:2:  nicolae_swamp_godswood
Swamp:3:  nicolae_swamp_trees_clearing, swamp_pool5, grunt_ruined_hall
Swamp:4:  swamp_old_school
Snake:1:  serial_shops, shop, st_stairs_10, uniq_aizul, uniq_agnes
Snake:2:  serial_shops, shop, nicolae_shop_behind_doors, shop,
          nicolae_shop_crystal, spider_trap, library_closet,
          grunt_ministairs_15, nicolae_snake_round_shape_thing,
          nicolae_snake_salamander_stairs, uniq_louise, uniq_asterion
Snake:3:  basic_altar
Snake:4:  snake_pit, uniq_jorgrun, uniq_kirke, uniq_mara
Orc:2:    grunt_orc_cross, basic_altar
Abyss:3:  kilobyte_mutagenic_chamber
Ossuary:  ossuary_zaba_flooded
Bailey:   bailey_polearm_2, bailey
IceCv:    ice_cave_statue_garden_teleport

Skill      XL: |  1  2  3  4  5  6  7  8  9 10 11 12 13 14 15 16 17 |
---------------+----------------------------------------------------+-----
Conjurations   | 2 3 4 5 6 7 9 10 12 13 14 15 | 15.5
Spellcasting   | 3 4 5 7 8 9 10 11 12 | 12.9
Fire Magic     | 4 5 6 7 9 10 11 12 13 | 13.0
Shields        | 3 4 |  4.1
Earth Magic    | 2 5 9 11 13 | 13.2
Fighting       | 3 5 7 8 10 11 12 | 12.8
Summonings     | 3 7 8 |  8.3
Translocations | 3 4 5 |  5.2
Air Magic      | 1 3 |  3.5
Dodging        | 3 5 6 7 8 |  8.8
Stealth        | |  1.7

Action                   |  1- 3 |  4- 6 |  7- 9 | 10-12 | 13-15 | 16-18 || total
-------------------------+-------+-------+-------+-------+-------+-------++-------
Melee: Club              |    38 |    27 |       |       |       |       ||    65
       Unarmed           |     6 |       |       |       |       |       ||     6
       Tailslap          |     4 |     4 |     5 |       |    15 |     7 ||    35
       Mace              |       |    24 |    62 |     8 |    31 |    19 ||   144
       Spear             |       |     4 |     7 |       |       |       ||    11
       Staff             |       |       |       |       |    86 |    26 ||   112
       Rapier            |       |       |       |       |       |     2 ||     2
Throw: Throwing net      |       |       |       |       |       |     1 ||     1
 Cast: Flame Tongue      |    59 |   116 |   169 |   191 |   477 |   163 ||  1175
       Throw Flame       |    17 |    14 |    42 |   122 |   161 |       ||   356
       Conjure Flame     |       |     1 |     4 |     6 |     2 |       ||    13
       Sticky Flame      |       |       |    21 |    57 |   125 |    40 ||   243
       Fireball          |       |       |     4 |    54 |   337 |   185 ||   580
       Blink             |       |       |       |     2 |    48 |    33 ||    83
       Summon Lightning  |       |       |       |       |    74 |    56 ||   130
       Lightning Bolt    |       |       |       |       |    28 |       ||    28
       Passage of Golubr |       |       |       |       |     2 |       ||     2
       Iron Shot         |       |       |       |       |    79 |   233 ||   312
       Bolt of Fire      |       |       |       |       |       |    10 ||    10
Evoke: Wand              |       |       |       |       |     1 |       ||     1
  Use: Scroll            |     8 |     3 |     7 |    10 |    23 |    16 ||    67
       Potion            |       |     1 |     2 |     1 |     4 |    13 ||    21
 Stab: Distracted        |       |       |       |       |     4 |     4 ||     8
  Eat: Chunk             |     8 |     8 |    17 |    35 |    76 |     9 ||   153
       Ration            |       |       |     2 |     4 |    12 |    15 ||    33
Armor: Skin              |    27 |    37 |    69 |    85 |   224 |   169 ||   611
Dodge: Dodged            |    54 |    67 |   107 |   109 |   354 |   434 ||  1125
Block: Buckler           |       |       |    21 |    32 |   172 |   195 ||   420

Table legend:
 A = Spawn XP
 B = Non-spawn XP
 C = Spawn XP percentage of total XP
 D = Spawn monster count
 E = Non-spawn monster count
 F = Spawn count percentage of total count
 G = Total turns spent on level
                    A         B        C        D         E        F      G
               +---------+---------+-------+---------+---------+-------+---------
         Total |    4756 |  254341 |   1.8 |      14 |    1107 |   1.2 | 70356
               +---------+---------+-------+---------+---------+-------+---------
           D:1 |       0 |      40 |   0.0 |       0 |      21 |   0.0 |  1691
           D:2 |       0 |      28 |   0.0 |       0 |      15 |   0.0 |  1380
           D:3 |       0 |     298 |   0.0 |       0 |      33 |   0.0 |  2322
           D:4 |       0 |     561 |   0.0 |       0 |      17 |   0.0 |  1831
           D:5 |       0 |     555 |   0.0 |       0 |      18 |   0.0 |  1243
           D:6 |       0 |    1503 |   0.0 |       0 |      19 |   0.0 |  1312
           D:7 |       0 |    2476 |   0.0 |       0 |      24 |   0.0 |  1811
           D:8 |       0 |    2297 |   0.0 |       0 |      46 |   0.0 |  2645
           D:9 |       0 |    2501 |   0.0 |       0 |      22 |   0.0 |  1360
          D:10 |       0 |    1837 |   0.0 |       0 |      28 |   0.0 |  2353
          D:11 |       0 |    7737 |   0.0 |       0 |      59 |   0.0 |  2590
          D:12 |       0 |   12127 |   0.0 |       0 |      53 |   0.0 |  2480
          D:13 |       0 |    7205 |   0.0 |       0 |      35 |   0.0 |  1660
          D:14 |       0 |    9405 |   0.0 |       0 |      32 |   0.0 |  1817
          D:15 |       0 |    7023 |   0.0 |       0 |      16 |   0.0 |  1558
        Lair:1 |       0 |    4696 |   0.0 |       0 |      19 |   0.0 |  1766
        Lair:2 |       0 |    4948 |   0.0 |       0 |      21 |   0.0 |  2274
        Lair:3 |       0 |    7533 |   0.0 |       0 |      47 |   0.0 |  3028
        Lair:4 |       0 |    8274 |   0.0 |       0 |      27 |   0.0 |  2464
        Lair:5 |       0 |    9167 |   0.0 |       0 |      49 |   0.0 |  2789
        Lair:6 |       0 |   16554 |   0.0 |       0 |      72 |   0.0 |  2956
       Swamp:1 |       0 |    6136 |   0.0 |       0 |      20 |   0.0 |  1932
       Swamp:2 |       0 |   15208 |   0.0 |       0 |      40 |   0.0 |  2311
       Swamp:3 |       0 |   15604 |   0.0 |       0 |      46 |   0.0 |  3010
       Swamp:4 |       0 |   29800 |   0.0 |       0 |      52 |   0.0 |  1731
       Snake:1 |       0 |   14161 |   0.0 |       0 |      26 |   0.0 |  4767
       Snake:2 |       0 |   15521 |   0.0 |       0 |      21 |   0.0 |  3102
       Snake:3 |       0 |   24068 |   0.0 |       0 |      42 |   0.0 |  3326
       Snake:4 |       0 |    2536 |   0.0 |       0 |       7 |   0.0 |   106
         Orc:1 |       0 |    4989 |   0.0 |       0 |      37 |   0.0 |  1485
         Orc:2 |       0 |   12235 |   0.0 |       0 |      70 |   0.0 |  2185
       Abyss:3 |    4756 |    2458 |  65.9 |      14 |       7 |  66.7 |   721
       Ossuary |       0 |     639 |   0.0 |       0 |      31 |   0.0 |  1031
        Bailey |       0 |    1899 |   0.0 |       0 |      25 |   0.0 |   750
         IceCv |       0 |    2322 |   0.0 |       0 |      10 |   0.0 |   569
               +---------+---------+-------+---------+---------+-------+---------
